 Dungeon Crawl Stone Soup version 0.28.0 (webtiles) character file.

Game seed: 3675485039927292954

143 GrayStillPlays the Skirmisher (level 5, 0/42 HPs)
             Began as a Merfolk Fighter on Feb 11, 2022.
             Slain by an iguana (3 damage)
             ... on level 4 of the Dungeon.
             The game lasted 00:05:21 (2840 turns).

GrayStillPlays the Skirmisher (Merfolk Fighter)     Turns: 2840, Time: 00:05:21

Health: 0/42       AC:  6    Str: 16    XL:     5   Next: 25%
Magic:  7/7        EV:  9    Int: 10    God:
Gold:   149        SH:  5    Dex: 13    Spells: 7/7 levels left

rFire   . . .      SeeInvis .   a - +0 trident {polearm}
rCold   . . .      Faith    .   c - +0 buckler
rNeg    . . .      Spirit   .   b - +0 scale mail
rPois   .          Reflect  .   (no helmet)
rElec   .          Harm     .   (no cloak)
rCorr   .          Rampage  .   (no gloves)
Will    .....                   (no boots)
Stlth   ..........              (no amulet)
HPRegen 0.14/turn               (no ring)
MPRegen 0.10/turn               (no ring)

@: no status effects
A: (nimble swimmer 2), mertail
a: no special abilities


You were on level 4 of the Dungeon.
You visited 1 branch of the dungeon, and saw 5 of its levels.

You collected 149 gold pieces.


Innate Abilities, Weirdness & Mutations

((You are very nimble when in or above water. (Stealth+, EV+, Speed+++)))
Your lower body shifts to a powerful aquatic tail in water.


   Skills:
 + Level 4.1 Fighting
 - Level 3.0 Polearms
 - Level 2.1 Armour
 + Level 2.6 Dodging
 + Level 3.8 Shields
 + Level 1.7 Spellcasting
 + Level 1.8 Transmutations


You had 7 spell levels left.
You didn't know any spells.
Your spell library was empty.

Inventory:

Hand Weapons
 a - a +0 trident (weapon) {polearm}
 k - a +1 vorpal hunting sling {sling}
   (You took it off a goblin on level 2 of the Dungeon)
 o - a +1 dagger of venom {short}
   (You took it off a goblin on level 2 of the Dungeon)
Missiles
 f - 20 sling bullets
 g - 68 stones (quivered) {throwing}
Armour
 b - a +0 scale mail (worn)
 c - a +0 buckler (worn)
 n - a scarf of harm
   (You found it on level 2 of the Dungeon)
Scrolls
 e - a scroll of immolation {unknown}
 i - a scroll of brand weapon {unknown}
 l - 3 scrolls of identify {unknown}
 m - a scroll of enchant weapon {unknown}
 p - a scroll of silence {unknown}
Potions
 h - a potion of mutation {unknown}
 j - 3 potions of flight {unknown}

Dungeon Overview and Level Annotations

Branches:
Dungeon (5/15)
 Temple: D:4-7

Altars:

#...?..$.(#
#.........#
#.........##
+...........
####...........
#..............
#...l......##
#@.......
#.....#######
#.....#.#
#..(..#.# #...#
#+# .... ..# #.


You could see an iguana.


Message History

You take 4 damage, and now have 33/37 hp.
You barely miss the hound. You block the hound's attack.
The hound bites you but does no damage.
You closely miss the hound.
The hound stops to sniff the ground.
The hound completely misses you.
You hit the hound.
The hound bites you but does no damage. x2 😕 HP[+1]
You closely miss the hound. The hound barely misses you.
A yak comes into view.
The hound bites you. 😕 HP[-2]
You take 2 damage, and now have 32/37 hp.
You closely miss the hound.
The yak bellows!
You block the hound's attack.
You closely miss the hound. The hound bites you. x2 😕 HP[-4]
You take 4 damage, and now have 28/37 hp.
You puncture the hound! The hound closely misses you.
The hound bites you. 😮 HP[-3]
You take 3 damage, and now have 25/37 hp.
You barely miss the hound. The hound barely misses you.
The hound bites you but does no damage.
You hit the hound. You block the hound's attack. The hound barely misses you.
You closely miss the hound. The hound bites you.
The hound barely misses you. 😮 HP[-2]
You take 2 damage, and now have 23/37 hp.
You puncture the hound!
You kill the hound!
You have reached level 5!
You feel clever. 😮 HP[+3] MP[+1]
You now have 42 max hp (+5).
You regained 3 hp, and now have 26/42 hp.
Your mp is fully restored (7). 😮 HP[+1] 😮 HP[+1]
You feel very mighty all of a sudden. The yak gores you. 😮 HP[-1]
You take 1 damage, and now have 27/42 hp.
You hit the yak but do no damage. You block the yak's attack.
An iguana comes into view. 😮 HP[+1]
The iguana hisses angrily.
You hit the yak. The yak gores you.
The yak gores you but does no damage. 😮 HP[-2]
You take 2 damage, and now have 26/42 hp.
You puncture the yak! The yak gores you!
* * * LOW HITPOINT WARNING * * *
😨 HP[-11]
You take 11 damage, and now have 15/42 hp.
MASSIVE DAMAGE!! (PAUSE) 😨 HP[+1]
Found 18 stones.
Found a stone staircase leading down. 😨 HP[+1]
There is a stone staircase leading down here.
You see here 18 stones {throwing}. 😨 HP[+1] 😨 HP[+1] 😨 HP[+1] 😨 HP[+1] 😮 HP[+1]
You feel a little less mighty now. 😮 HP[+1] 😮 HP[+1] 😮 HP[+1]
The iguana bites you but does no damage. 😮 HP[+1]
The yak gores you!
* * * LOW HITPOINT WARNING * * *
😨 HP[-11]
You take 11 damage, and now have 15/42 hp.
MASSIVE DAMAGE!! (PAUSE) 😨 HP[+1]
You see here 24 arrows. 😨 HP[+1]
The yak bellows!
Found a smoky cyan potion.
Found a stone staircase leading up. 😨 HP[+1]
There is a stone staircase leading up here.
The iguana bites you.
* * * LOW HITPOINT WARNING * * *
You climb upwards.
There is a stone staircase leading down here. 😨 HP[-1]
You take 1 damage, and now have 17/42 hp.
You hit the iguana but do no damage. The iguana barely misses you.
You hit the iguana but do no damage. The iguana bites you.
* * * LOW HITPOINT WARNING * * *
😨 HP[-5]
You take 5 damage, and now have 12/42 hp.
You hit the iguana but do no damage. The iguana bites you!
* * * LOW HITPOINT WARNING * * *
😱 HP[-9]
You take 9 damage, and now have 3/42 hp.
MASSIVE DAMAGE!! (PAUSE)
You puncture the iguana! The iguana bites you.
You die...

Skill      XL: |  1  2  3  4 |
---------------+-------------+-----
Dodging        | 1 2 |  2.6
Spellcasting   | 1 |  1.7
Transmutations | 1 |  1.8
Fighting       | 4 |  4.1
Polearms       | |  3.0
Armour         | |  2.1
Shields        | |  3.8

Action                   |  1- 3 |  4- 6 || total
-------------------------+-------+-------++-------
Melee: Trident           |   118 |    91 ||   209
  Use: Potion            |       |     2 ||     2
Armor: Scale mail        |    63 |    28 ||    91
Dodge: Dodged            |    52 |    41 ||    93
Block: Buckler           |    28 |    20 ||    48

Levels and vault maps discovered:
D:1:      elethiomel_arrival_quiet, layout_loops_ring, serial_bayou_pond_c,
          minivault_24, serial_park_tiny_pond
D:2:      layout_loops_corners, basic_ecumenical_altar
D:3:      layout_basic, serial_corexii_hall, corexii_hall_statues_x,
          corexii_hall_statues_t, amcnicky_mini_rare_corridor_liquid,
          uniq_terence, uniq_grinder, uniq_sigmund
D:4:      layout_basic, mainiacjoe_overflow_small_starburst
D:5:      layout_loops_ring, kennysheep_okawaru_gauntlet,
          lemuel_temple_firewalk_a

Notes
Turn   | Place    | Note
-------+----------+-------------------------------------------
     0 | D:1      | GrayStillPlays the Merfolk Fighter began the quest for the
                  | Orb.
     0 | D:1      | Reached XP level 1. HP: 18/18 MP: 1/1
     0 | D:1      | magus.rc [v1.9.6]
    24 | D:1      | Reached skill level 1 in Dodging
    24 | D:1      | Reached XP level 2. HP: 24/24 MP: 2/2
   202 | D:1      | HP: 6/24 [bat (1)]
   209 | D:1      | HP: 4/24 [frozen (2)]
   211 | D:1      | Reached XP level 3. HP: 5/29 MP: 4/4
   218 | D:1      | HP: 2/29 [goblin (2)]
   227 | D:1      | HP: 2/29 [bat (1)]
   239 | D:1      | HP: 2/29 [bat (1)]
   244 | D:1      | Reached skill level 1 in Spellcasting
  1386 | D:2      | Reached skill level 2 in Dodging
  1419 | D:2      | Reached XP level 4. HP: 37/37 MP: 5/5
  1645 | D:2      | Found a faded altar of an unknown god.
  1717 | D:2      | Reached skill level 1 in Transmutations
  2334 | D:3      | HP: 9/37 [orc (1)]
  2387 | D:3      | Reached skill level 4 in Fighting
  2681 | D:3      | You fall into a shaft and drop 2 floors!
  2681 | D:5      | Entered Level 5 of the Dungeon
  2681 | D:5      | Noticed a yak
  2681 | D:5      | Noticed a yak
  2681 | D:5      | Noticed a yak
  2681 | D:5      | Noticed a yak
  2703 | D:5      | Noticed a yak
  2711 | D:5      | Reached XP level 5. HP: 26/42 MP: 7/7
  2839 | D:4      | HP: 3/42 [iguana (9)]
  2840 | D:4      | Slain by an iguana

Vanquished Creatures
  A hound (D:5)
  3 adders
  A gnoll (D:1)
  4 dart slugs
  5 orcs (D:3)
  3 ball pythons (D:1)
  10 bats
  3 endoplasms
  2 giant cockroaches (D:1)
  7 goblins
  8 hobgoblins
  4 kobolds
  A quokka (D:2)
  5 frilled lizards
  4 rats
61 creatures vanquished.

Table legend:
 A = Non-vault XP
 B = Vault XP
 C = Vault XP percentage of total XP
 D = Non-vault monster count
 E = Vault monster count
 F = Vault count percentage of total count
                 A         B        C        D         E       F
            +---------+---------+-------+---------+---------+-------
      Total |     205 |       0 |   0.0 |      61 |       0 |   0.0
            +---------+---------+-------+---------+---------+-------
        D:1 |      67 |       0 |   0.0 |      31 |       0 |   0.0
        D:2 |      50 |       0 |   0.0 |      18 |       0 |   0.0
        D:3 |      46 |       0 |   0.0 |      11 |       0 |   0.0
        D:5 |      42 |       0 |   0.0 |       1 |       0 |   0.0
            +---------+---------+-------+---------+---------+-------

Illustrated notes

Table legend:
 A = Kills in this place as a percentage of kills in entire the game.
 B = Kills by you in this place as a percentage of kills by you in the entire game.
 C = Kills by friends in this place as a percentage of kills by friends in the entire game.
 D = Other kills in this place as a percentage of other kills in the entire game.
 E = Experience gained in this place as a percentage of experience gained in the entire game.
 F = Experience gained in this place divided by the number of levels of this place that you have seen.
                   A       B       C       D       E      F
               +-------+-------+-------+-------+-------+----------------------
         Total | 100.0 | 100.0 |   N/A |   N/A | 100.0 |  41.0
       Dungeon | 100.0 | 100.0 |   N/A |   N/A | 100.0 |  41.0
               +-------+-------+-------+-------+-------+----------------------

Table legend: (Time is in decaauts)
 A = Elapsed time spent in this place.
 B = Non-inter-level travel time spent in this place.
 C = Inter-level travel time spent in this place.
 D = Time resting spent in this place.
 E = Time spent auto-exploring this place.
 F = Levels seen in this place.
 G = Mean time per level.
                   A        B        C        D        E       F      G
               +--------+--------+--------+--------+--------+-----+--------+
         Total |   2874 |   2761 |    113 |    194 |   1961 |   5 |  574.8 |
       Dungeon |   2874 |   2761 |    113 |    194 |   1961 |   5 |  574.8 |
               +--------+--------+--------+--------+--------+-----+--------+

Top non-repeatable levels by time:
     D:1: 1211 daAuts
     D:2: 1044 daAuts
     D:3: 457 daAuts
     D:5: 157 daAuts
     D:4: 4 daAuts
